 Dungeon Crawl Stone Soup version 0.29.0-11-gd7f09526c8 (webtiles) character file.

Game seed: 4729478293975465233

95 greasedhog the Skirmisher (level 4, -3/57 HPs)
             Began as a Gnoll Hunter on Sept 4, 2022.
             Slain by an ogre
             ... wielding a +0 giant spiked club
              (12 damage)
             ... on level 3 of the Dungeon.
             The game lasted 00:01:46 (1633 turns).

greasedhog the Skirmisher (Gnoll Hunter)            Turns: 1633, Time: 00:01:46

Health: -3/57      AC: 22    Str: 11    XL:     4   Next: 65%
Magic:  5/5        EV:  2    Int:  8    God:
Gold:   149        SH:  0    Dex: 17    Spells: 5/5 levels left

rFire   . . .      SeeInvis .   a - +0 shortbow
rCold   . . .      Faith    .   (shield currently unavailable)
rNeg    . . .      Spirit   .   (body armour currently unavailable)
rPois   +          Reflect  .   (helmet currently unavailable)
rElec   .          Harm     .   (cloak currently unavailable)
rCorr   +          Rampage  .   (gloves currently unavailable)
Will    .....      NoTele   +   (boots currently unavailable)
Stlth   ++........              (no amulet)
HPRegen 0.19/turn               e - ring of resist corrosion
MPRegen 0.09/turn               (no ring)

@: tree-form, invisible
A: stationary, stasis, torment immunity, boosted hp, (fangs 1), strong nose,
distributed training
a: no special abilities


You were on level 3 of the Dungeon.
You were a tree.
You visited 1 branch of the dungeon, and saw 3 of its levels.

You collected 149 gold pieces.

Inventory:

Hand Weapons
 a - a +0 shortbow (weapon)
Armour
 c - a +1 leather armour (melded)
Jewellery
 e - a ring of resist corrosion (left branch)
Scrolls
 b - a scroll of immolation
 f - a scroll of teleportation
 i - a scroll of poison
Potions
 d - a potion of curing {unknown}
 g - 3 potions of lignification
 h - a potion of magic {unknown}
 j - 2 potions of heal wounds {unknown}
 k - a potion of invisibility


   Skills:
 + Level 4.7 Fighting
 + Level 1.2 Short Blades
 + Level 1.2 Long Blades
 + Level 1.2 Axes
 + Level 1.2 Maces & Flails
 + Level 1.2 Polearms
 + Level 1.2 Staves
 + Level 8.6 Ranged Weapons
 + Level 1.2 Throwing
 + Level 1.2 Armour
 + Level 4.7 Dodging
 + Level 2.6 Stealth
 + Level 1.2 Shields
 + Level 1.2 Unarmed Combat
 + Level 1.2 Spellcasting
 + Level 1.0 Conjurations
 + Level 1.0 Hexes
 + Level 1.0 Summonings
 + Level 1.0 Necromancy
 + Level 1.0 Translocations
 + Level 1.0 Transmutations
 + Level 1.0 Fire Magic
 + Level 1.0 Ice Magic
 + Level 1.0 Air Magic
 + Level 1.0 Earth Magic
 + Level 1.0 Poison Magic
 + Level 1.4 Invocations
 + Level 1.2 Evocations


You had 5 spell levels left.
You didn't know any spells.
Your spell library was empty.

Dungeon Overview and Level Annotations

Branches:
Dungeon (3/15)

Altars:
Xom


Innate Abilities, Weirdness & Mutations

You are a tree.
Your roots penetrate the ground, keeping you stationary.
You cannot be teleported.
You are immune to unholy pain and torment.
Your maximum health is greatly increased.
Your equipment is partially melded.
((You have very sharp teeth.))
Your uncanny sense of smell can sniff out nearby items.
Your experience applies equally to all skills.


Message History

You shoot an arrow. The arrow hits the orc.
The orc is severely wounded.
An orc comes into view. It is wielding a +0 club.
An endoplasm comes into view.
You shoot an arrow. The endoplasm quivers.
The arrow hits the orc!
You kill the orc!
You shoot an arrow. The arrow hits the orc!
You kill the orc!
The orc misses you.
You shoot an arrow. The arrow hits the ogre!
The ogre is moderately wounded.
The orc hits you from afar with a +0 trident.
You shoot an arrow. The arrow barely misses the ogre.
The arrow hits the orc!
You kill the orc!
The ogre barely misses you.
You shoot an arrow. The arrow barely misses the ogre.
The arrow closely misses the orc.
The arrow hits the endoplasm.
The endoplasm is severely wounded.
The ogre hits you with a +0 giant spiked club!!
Ouch! That really hurt!
* * * LOW HITPOINT WARNING * * *
You are too injured to fight recklessly!
You are too injured to fight recklessly!
You are too injured to fight recklessly!
You are too injured to fight recklessly!
You are too injured to fight recklessly!
You are too injured to fight recklessly!
You are too injured to fight recklessly!
Unknown command.
Okay, then.
Really quaff the potion of lignification?
You turn into a tree.
Your +1 leather armour melds into your body.
Your roots penetrate the ground.
It was a potion of invisibility.
You fade into invisibility!
The ogre hits you with a +0 giant spiked club!
You die...

####.....§..... .... .
...#..≈≈≈§§§≈≈≈. ..#.
.###....≈...§...≈. .....
.......≈.#.###.≈.# ....
.......≈.#...#§≈.#
..J#.###..≈.#._.#§≈.#
..#<#o#.# #..≈.#...#.§.#
.....oO.###..≈.###.#.≈.#
#♣.)...........≈.#
#####..≈≈≈§≈≈≈≈≈.#
##...........#
##...#.###..# #.....#
#)## ####### #.## #...
####


You could see an ogre (unable to see you), 2 orcs and an endoplasm.

Vanquished Creatures
  Jessica (D:2)
  An adder (D:2)
  A worm (D:2)
  A dart slug (D:1)
  3 orcs (D:3)
  8 ball pythons
  4 bats
  An endoplasm (D:2)
  A giant cockroach (D:2)
  6 goblins
  A hobgoblin (D:1)
  4 jackals (D:1)
  3 frilled lizards
  9 kobolds
  5 rats (D:1)
49 creatures vanquished.

Vanquished Creatures (others)
  A demonic plant (D:1)
1 creature vanquished.

Grand Total: 50 creatures vanquished

Notes
Turn   | Place    | Note
-------+----------+-------------------------------------------
     0 | D:1      | greasedhog the Gnoll Hunter began the quest for the Orb.
     0 | D:1      | Reached XP level 1. HP: 20/20 MP: 1/1
    26 | D:1      | Found a faded altar of an unknown god.
   147 | D:1      | Reached XP level 2. HP: 26/26 MP: 2/2
   351 | D:1      | Reached XP level 3. HP: 31/31 MP: 3/3
   556 | D:1      | Reached skill level 1 in Invocations
  1202 | D:2      | Reached skill level 1 in Short Blades
  1202 | D:2      | Reached skill level 1 in Long Blades
  1202 | D:2      | Reached skill level 1 in Axes
  1202 | D:2      | Reached skill level 1 in Maces & Flails
  1202 | D:2      | Reached skill level 1 in Polearms
  1202 | D:2      | Reached skill level 1 in Staves
  1202 | D:2      | Reached skill level 1 in Throwing
  1202 | D:2      | Reached skill level 1 in Armour
  1202 | D:2      | Reached skill level 1 in Shields
  1202 | D:2      | Reached skill level 1 in Unarmed Combat
  1202 | D:2      | Reached skill level 1 in Spellcasting
  1202 | D:2      | Reached skill level 1 in Evocations
  1225 | D:2      | Noticed Jessica
  1227 | D:2      | Killed Jessica
  1228 | D:2      | Reached XP level 4. HP: 38/38 MP: 5/5
  1263 | D:2      | You fall into a shaft and drop 1 floor!
  1497 | D:2      | Reached skill level 1 in Conjurations
  1497 | D:2      | Reached skill level 1 in Hexes
  1497 | D:2      | Reached skill level 1 in Summonings
  1497 | D:2      | Reached skill level 1 in Necromancy
  1497 | D:2      | Reached skill level 1 in Translocations
  1497 | D:2      | Reached skill level 1 in Transmutations
  1497 | D:2      | Reached skill level 1 in Fire Magic
  1497 | D:2      | Reached skill level 1 in Ice Magic
  1497 | D:2      | Reached skill level 1 in Air Magic
  1497 | D:2      | Reached skill level 1 in Earth Magic
  1497 | D:2      | Reached skill level 1 in Poison Magic
  1583 | D:3      | Found a shimmering altar of Xom.
  1622 | D:3      | Noticed an ogre
  1633 | D:3      | Slain by an ogre

Illustrated notes

Levels and vault maps discovered:
D:1:      co_arrival_square_in_a_square_in_a_square, layout_basic,
          shapermc_ecumenical_altar_gd, minmay_hexomino_u4
D:2:      layout_basic, minivault_14, minmay_misc_feat_tiny, uniq_jessica
D:3:      layout_loops_cross, mainiacjoe_overflow_brackets

Skill      XL: |  1  2  3  4 |
---------------+-------------+-----
Invocations    | 1 |  1.4
Short Blades   | 1 |  1.2
Long Blades    | 1 |  1.2
Axes           | 1 |  1.2
Maces & Flails | 1 |  1.2
Polearms       | 1 |  1.2
Staves         | 1 |  1.2
Throwing       | 1 |  1.2
Armour         | 1 |  1.2
Shields        | 1 |  1.2
Unarmed Combat | 1 |  1.2
Spellcasting   | 1 |  1.2
Evocations     | 1 |  1.2
Conjurations   | 1 |  1.0
Hexes          | 1 |  1.0
Summonings     | 1 |  1.0
Necromancy     | 1 |  1.0
Translocations | 1 |  1.0
Transmutations | 1 |  1.0
Fire Magic     | 1 |  1.0
Ice Magic      | 1 |  1.0
Air Magic      | 1 |  1.0
Earth Magic    | 1 |  1.0
Poison Magic   | 1 |  1.0
Fighting       | |  4.7
Ranged Weapons | |  8.6
Dodging        | |  4.7
Stealth        | |  2.6

Action                   |  1- 3 |  4- 6 || total
-------------------------+-------+-------++-------
 Fire: Shortbow          |   104 |    24 ||   128
  Use: Scroll            |       |     4 ||     4
       Potion            |       |     2 ||     2
Armor: Leather armour    |     3 |     2 ||     5
Dodge: Dodged            |    24 |     4 ||    28
